Sasquatch vs National

Created - 30 janvier 2015 at 21:09

Goals
1 2 3 T
Sasquatch 3 1 3 7
National 0 2 2 4
Shots
1 2 3 T
Sasquatch 19 3 4 26
National 11 16 10 37

1st period

1. Sasquatch , Tyler Johnson 6 (Jakub Voracek, D.J King) at 3:54
2. Sasquatch , Brandon Bochenski 11 (Joe Corvo, Tyler Johnson) at 18:21 (PP)
3. Sasquatch , Jakub Voracek 23 (Tyler Johnson) at 18:30

Penalties :
Magnus Paajarvi-Svensson (Que) for Tripping (Minor) at 17:17

2nd period

4. National , Denis Bodrov 5 (Jonathan Cheechoo, Mikael Backlund) at 2:37 (PP)
5. National , Pat Dwyer 11 (Jonathan Matsumoto) at 5:24
6. Sasquatch , Oskar Osala 20 (Brandon Bochenski, Keith Yandle) at 6:41

Penalties :
Ian Cole (Gat) for Hooking (Minor) at 0:41

3rd period

7. Sasquatch , Oskar Osala 21 (Derek Stepan) at 3:56
8. Sasquatch , Oskar Osala 22 (Brandon Bochenski) at 4:59
9. National , Guillaume Desbiens 29 (Matt Duchene, Rico Fata) at 5:13
10. National , Rico Fata 29 (Matt Duchene, Dustin Kohn) at 5:40
11. Sasquatch , Luke Adam 6 (Joe Corvo, Matt Frattin) at 14:01

Penalties :
Keith Yandle (Gat) for Tripping (Minor) at 1:21, Brandon Bochenski (Gat) for Hooking (Minor) at 6:22

Goalie Stats

Marek Schwarz (Gat), 33 saves from 37 shots - (0,892), W, 8-9-3, 60:00 minutes
Tyler Plante (Que), 19 saves from 24 shots - (0,792), L, 8-7-0, 43:56 minutes
Keith Kinkaid (Que), 0 saves from 2 shots - (0,000), 16:04 minutes

Players Stats for Sasquatch

Player Name              G  A  P  +/- PIM S  H  SB GA TA FO     MP     PP MP  PK MP  
------------------------------------------------------------------------------------
Brandon Bochenski        1  2  3   1  2   2  1  1  1  1  1/2    16:37   0:21   1:03 
Cade Fairchild           0  0  0   1  0   0  0  2  0  0  0/0    26:42   0:38   3:29 
Cam Atkinson             0  0  0   0  0   0  0  0  0  0  2/2    12:02   0:00   0:00 
D.J King                 0  1  1   1  0   3  3  2  4  0  1/2    22:13   0:43   3:26 
Derek Stepan             0  1  1   1  0   1  1  2  0  0  7/16   15:59   0:43   0:28 
Ian Cole                 0  0  0   2  2   0  0  0  0  0  0/0    17:11   0:00   0:00 
Jakub Voracek            1  1  2   1  0   2  1  0  0  0  0/0    18:54   0:43   0:00 
Joe Corvo                0  2  2   1  0   3  1  0  1  0  0/0    20:30   0:38   3:36 
Josh Bailey              0  0  0   1  0   0  1  0  0  0  0/1    10:05   0:00   0:00 
Keith Yandle             0  1  1   0  2   2  2  2  1  2  0/0    21:23   0:00   1:37 
Kyle Clifford            0  0  0   0  0   0  1  0  0  0  0/0    13:12   0:00   0:52 
Luke Adam                1  0  1   1  0   1  0  0  0  0  0/1     9:28   0:00   0:00 
Matt Frattin             0  1  1   1  0   1  1  0  0  0  0/0    10:17   0:00   0:57 
Matt Niskanen            0  0  0   2  0   1  2  2  1  1  0/0    20:38   0:26   2:25 
Nick Leddy               0  0  0   0  0   1  0  0  0  0  0/0    14:02   0:26   0:41 
Oskar Osala              3  0  3   1  0   4  4  1  0  0  0/1    15:43   0:21   1:36 
Stephane Da Costa        0  0  0   0  0   3  0  0  1  0  1/3     6:06   0:00   0:00 
Tyler Johnson            1  2  3   1  0   2  2  2  1  2  14/34  23:01   0:21   3:26 

Players Stats for National

Player Name              G  A  P  +/- PIM S  H  SB GA TA FO     MP     PP MP  PK MP  
------------------------------------------------------------------------------------
David Desharnais         0  0  0  -1  0   2  1  0  0  0  1/3     8:33   0:00   0:00 
Denis Bodrov             1  0  1   0  0   2  0  1  0  1  0/0    20:19   2:30   0:34 
Dustin Kohn              0  1  1  -2  0   6  0  0  0  3  0/0    26:34   3:24   0:30 
Erik Gustafsson          0  0  0  -1  0   0  0  1  0  0  0/0    13:07   0:00   0:00 
Guillaume Desbiens       1  0  1   0  0   5  5  0  1  0  1/1    20:06   2:49   0:00 
Igor Makarov             0  0  0  -1  0   0  0  0  2  0  0/0     8:33   0:00   0:00 
Ivan Vishnevski          0  0  0  -1  0   0  0  1  0  0  0/0    13:07   0:00   0:00 
Johannes Salmonsson      0  0  0  -2  0   0  0  2  0  0  0/0    13:58   0:00   0:00 
Jonathan Cheechoo        0  1  1   0  0   2  2  0  1  0  0/0    16:26   3:02   0:17 
Jonathan Matsumoto       0  1  1  -2  0   0  0  0  0  0  1/3    13:58   0:00   0:00 
Magnus Paajarvi-Svensson 0  0  0  -1  2   1  2  0  0  0  0/0     8:42   0:03   0:00 
Matt Duchene             0  2  2   0  0   3  2  0  1  1  23/41  21:03   2:52   0:47 
Mikael Backlund          0  1  1   0  0   3  1  0  0  0  8/12   16:26   3:02   0:17 
Pasi Salonen             0  0  0   0  0   5  1  0  1  0  1/1    16:56   3:02   0:47 
Pat Dwyer                1  0  1  -2  0   1  2  0  0  2  1/1    14:08   0:03   0:00 
Rico Fata                1  1  2   0  0   4  1  1  0  0  0/0    20:06   2:49   0:00 
Ty Wishart               0  0  0   0  0   2  2  5  0  2  0/0    20:19   2:30   0:34 
William Colbert          0  0  0  -2  0   1  0  2  0  1  0/0    26:34   3:24   0:30 

3 Stars

1 - Oskar Osala (Gat)
2 - Tyler Johnson (Gat)
3 - Brandon Bochenski (Gat)

Power Play

Sasquatch - 1 on 1 Attempt(s) - 100,00%
National - 1 on 3 Attempt(s) - 33,33%

Penalty Kill

Sasquatch - 2 on 3 Attempt(s) - 66,67% - Score 0 goal in Penalty Kill
National - 0 on 1 Attempt(s) - 0,00% - Score 0 goal in Penalty Kill

Team Stat

Sasquatch - Hits : 20 - Faceoff Wins : 26 - Blocked Shots : 14 - Penalty Minutes : 6
National - Hits : 19 - Faceoff Wins : 36 - Blocked Shots : 13 - Penalty Minutes : 2

Official

Referees : Sutherland Kelly and StLaurent Francois
Linesman : Mark Wheler and Tim Nowak

Game Notes

Stephane Da Costa is injured at 7:45 of 2nd period (Bruised Right Leg)
Keith Kinkaid enters game at 3:56 of 3rd period
Oskar Osala has scored a Hat Trick!

Finance

Level 1 -- Attendance: 1419 (70,95%) -- Ticket Income 35 475 $
Level 2 -- Attendance: 787 (78,70%) -- Ticket Income 11 805 $
Total Attendance: 2206 (73,53%)
Total Ticket Income: 47 280 $
Other Income: 2 364 $
Total Income: 49 644 $

Sasquatch

5 vs 5 Forward 
   Center                   Left Wing                Right Wing               Time % Phy DF OF 
 1 Tyler Johnson            D.J King                 Jakub Voracek            40     1   2  2  
 2 Derek Stepan             Oskar Osala              Brandon Bochenski        30     1   2  2  
 3 Stephane Da Costa        Kyle Clifford            Cam Atkinson             20     1   2  2  
 4 Luke Adam                Josh Bailey              Matt Frattin             10     1   2  2  

5 vs 5 Defense 
   Defense                  Defense                                           Time % Phy DF OF 
 1 Keith Yandle             Cade Fairchild                                    40     1   2  2  
 2 Matt Niskanen            Ian Cole                                          30     1   2  2  
 3 Joe Corvo                Nick Leddy                                        20     1   2  2  
 4 Joe Corvo                Cade Fairchild                                    10     1   2  2  

PowerPlay Forward 
   Center                   Left Wing                Right Wing               Time % Phy DF OF 
 1 Derek Stepan             D.J King                 Jakub Voracek            60     1   2  2  
 2 Tyler Johnson            Oskar Osala              Brandon Bochenski        40     1   2  2  

PowerPlay Defense
   Defense                  Defense                                           Time % Phy DF OF 
 1 Joe Corvo                Cade Fairchild                                    60     1   2  2  
 2 Matt Niskanen            Nick Leddy                                        40     1   2  2  

Penalty Kill 4 Players Forward 
   Center                   Wing                     Time % Phy DF OF 
 1 Tyler Johnson            D.J King                 60     1   2  2  
 2 Brandon Bochenski        Oskar Osala              40     1   2  2  

Penalty Kill 4 Players Defense
   Defense                  Defense                  Time % Phy DF OF 
 1 Joe Corvo                Cade Fairchild           60     1   2  2  
 2 Matt Niskanen            Keith Yandle             40     1   2  2  

Penalty Kill - 3 Players Forward 
   Forward                                           Time % Phy DF OF 
 1 Tyler Johnson                                     60     1   2  2  
 2 D.J King                                          40     1   2  2  

Penalty Kill - 3 Players Defense
   Defense                  Defense                  Time % Phy DF OF 
 1 Joe Corvo                Cade Fairchild           60     1   2  2  
 2 Matt Niskanen            Keith Yandle             40     1   2  2  

4 vs 4 Forward 
   Center                   Wing                     Time % Phy DF OF 
 1 Derek Stepan             D.J King                 60     1   2  2  
 2 Tyler Johnson            Jakub Voracek            40     1   2  2  

4 vs 4 Defense
   Defense                  Defense                  Time % Phy DF OF 
 1 Joe Corvo                Cade Fairchild           60     1   2  2  
 2 Matt Niskanen            Keith Yandle             40     1   2  2  

Last Minutes Offensive
   Center                   Left Wing                Right Wing               Defense                  Defense                  
   Derek Stepan             D.J King                 Jakub Voracek            Joe Corvo                Cade Fairchild           

Last Minutes Defensive
   Center                   Left Wing                Right Wing               Defense                  Defense                  
   Tyler Johnson            D.J King                 Jakub Voracek            Joe Corvo                Cade Fairchild           

Goaltenders
Starting : Marek Schwarz            
Backup : Anders Lindback          

Extra Forwards
Normal : Brandon Bochenski, Stephane Da Costa, Josh Bailey - PP : Brandon Bochenski, Stephane Da Costa - PK : Matt Frattin
Extra Defensemen
Normal : Ian Cole, Nick Leddy, Matt Niskanen - PP : Ian Cole - PK : Nick Leddy, Matt Niskanen
Penalty Shots
Cam Atkinson, Oskar Osala, Brandon Bochenski, Joe Corvo, Matt Frattin

National

5 vs 5 Forward 
   Center                   Left Wing                Right Wing               Time % Phy DF OF 
 1 Matt Duchene             Rico Fata                Guillaume Desbiens       40     0   2  3  
 2 Mikael Backlund          Pasi Salonen             Jonathan Cheechoo        30     0   2  3  
 3 Jonathan Matsumoto       Johannes Salmonsson      Pat Dwyer                20     1   3  1  
 4 David Desharnais         Magnus Paajarvi-Svensson Igor Makarov             10     0   2  3  

5 vs 5 Defense 
   Defense                  Defense                                           Time % Phy DF OF 
 1 William Colbert          Dustin Kohn                                       40     1   2  2  
 2 Denis Bodrov             Ty Wishart                                        30     1   2  2  
 3 Ivan Vishnevski          Erik Gustafsson                                   20     1   2  2  
 4 William Colbert          Dustin Kohn                                       10     1   2  2  

PowerPlay Forward 
   Center                   Left Wing                Right Wing               Time % Phy DF OF 
 1 Matt Duchene             Rico Fata                Guillaume Desbiens       60     0   1  4  
 2 Mikael Backlund          Pasi Salonen             Jonathan Cheechoo        40     0   1  4  

PowerPlay Defense
   Defense                  Defense                                           Time % Phy DF OF 
 1 William Colbert          Dustin Kohn                                       60     0   2  3  
 2 Denis Bodrov             Ty Wishart                                        40     0   2  3  

Penalty Kill 4 Players Forward 
   Center                   Wing                     Time % Phy DF OF 
 1 Matt Duchene             Pasi Salonen             60     0   4  1  
 2 Mikael Backlund          Jonathan Cheechoo        40     0   4  1  

Penalty Kill 4 Players Defense
   Defense                  Defense                  Time % Phy DF OF 
 1 William Colbert          Dustin Kohn              60     0   4  1  
 2 Denis Bodrov             Ty Wishart               40     0   4  1  

Penalty Kill - 3 Players Forward 
   Forward                                           Time % Phy DF OF 
 1 Matt Duchene                                      60     0   4  1  
 2 Mikael Backlund                                   40     0   4  1  

Penalty Kill - 3 Players Defense
   Defense                  Defense                  Time % Phy DF OF 
 1 William Colbert          Dustin Kohn              60     0   4  1  
 2 Denis Bodrov             Ty Wishart               40     0   4  1  

4 vs 4 Forward 
   Center                   Wing                     Time % Phy DF OF 
 1 Matt Duchene             Pasi Salonen             60     0   2  3  
 2 Mikael Backlund          Jonathan Cheechoo        40     0   2  3  

4 vs 4 Defense
   Defense                  Defense                  Time % Phy DF OF 
 1 William Colbert          Dustin Kohn              60     1   2  2  
 2 Denis Bodrov             Ty Wishart               40     1   2  2  

Last Minutes Offensive
   Center                   Left Wing                Right Wing               Defense                  Defense                  
   Matt Duchene             Rico Fata                Guillaume Desbiens       William Colbert          Dustin Kohn              

Last Minutes Defensive
   Center                   Left Wing                Right Wing               Defense                  Defense                  
   Matt Duchene             Rico Fata                Guillaume Desbiens       William Colbert          Dustin Kohn              

Goaltenders
Starting : Tyler Plante             
Backup : Keith Kinkaid            

Extra Forwards
Normal : Mikael Backlund, Matt Duchene, Pat Dwyer - PP : Mikael Backlund, Matt Duchene - PK : Pat Dwyer
Extra Defensemen
Normal : Ty Wishart, William Colbert, Dustin Kohn - PP : Ty Wishart - PK : William Colbert, Dustin Kohn
Penalty Shots
Matt Duchene, Pasi Salonen, Guillaume Desbiens, Jonathan Matsumoto, Mikael Backlund

% Time on Ice - Sasquatch

Lines # - Real PCT - Wanted PCT - Time Play
Normal Forward
1 - 34% - 40% - 18:11
2 - 26% - 30% - 13:46
3 - 23% - 20% - 12:13
4 - 17% - 10% - 8:52
Normal Defense
1 - 34% - 40% - 18:00
2 - 35% - 30% - 18:22
3 - 22% - 20% - 11:43
4 - 9% - 10% - 4:57
PP Forward
1 - 67% - 60% - 0:43
2 - 33% - 40% - 0:21
PP Defense
1 - 59% - 60% - 0:38
2 - 41% - 40% - 0:26
PK Forward
1 - 73% - 60% - 4:18
2 - 27% - 40% - 1:36
PK Defense
1 - 59% - 60% - 3:29
2 - 41% - 40% - 2:25
PK3 Forward
1 - 0% - 60%
2 - 0% - 40%
PK3 Defense
1 - 0% - 60%
2 - 0% - 40%
44 Forward
1 - 0% - 60%
2 - 0% - 40%
44 Defense
1 - 0% - 60%
2 - 0% - 40%
Last Minute Offensive  - 0:00
Last Minute Defensive  - 0:00
Total
Forward - 60:00
Defense - 60:00

% Time on Ice - National

Lines # - Real PCT - Wanted PCT - Time Play
Normal Forward
1 - 33% - 40% - 17:24
2 - 25% - 30% - 13:07
3 - 26% - 20% - 13:58
4 - 16% - 10% - 8:33
Normal Defense
1 - 38% - 40% - 19:55
2 - 33% - 30% - 17:15
3 - 25% - 20% - 13:07
4 - 5% - 10% - 2:45
PP Forward
1 - 49% - 60% - 2:52
2 - 51% - 40% - 3:02
PP Defense
1 - 58% - 60% - 3:24
2 - 42% - 40% - 2:30
PK Forward
1 - 73% - 60% - 0:47
2 - 27% - 40% - 0:17
PK Defense
1 - 47% - 60% - 0:30
2 - 53% - 40% - 0:34
PK3 Forward
1 - 0% - 60%
2 - 0% - 40%
PK3 Defense
1 - 0% - 60%
2 - 0% - 40%
44 Forward
1 - 0% - 60%
2 - 0% - 40%
44 Defense
1 - 0% - 60%
2 - 0% - 40%
Last Minute Offensive  - 0:00
Last Minute Defensive  - 0:00
Total
Forward - 60:00
Defense - 60:00

Play by Play

1st period


0:01 of 1st period - D.J King wins face-off versus Matt Duchene in neutral zone.
0:16 of 1st period - Off-side.
0:17 of 1st period - Mikael Backlund wins face-off versus Derek Stepan in neutral zone.
0:57 of 1st period - Off-side.
0:58 of 1st period - Pat Dwyer wins face-off versus Stephane Da Costa in neutral zone.
1:23 of 1st period - Pat Dwyer is hit by Josh Bailey and loses puck.
2:16 of 1st period - Snap shot by Matt Frattin.
2:16 of 1st period - Deflect By Jonathan Matsumoto.
2:16 of 1st period - Shot Blocked by Erik Gustafsson.
2:16 of 1st period - Puck is out of play.
2:17 of 1st period - Matt Duchene wins face-off versus Tyler Johnson in National zone.
3:15 of 1st period - Slapshot by Joe Corvo.
3:15 of 1st period - Stopped by Tyler Plante without a rebound.
3:16 of 1st period - Matt Duchene wins face-off versus Tyler Johnson in National zone.
3:23 of 1st period - Snap shot by Matt Duchene.
3:23 of 1st period - Deflect By Guillaume Desbiens.
3:23 of 1st period - Stopped by Marek Schwarz without a rebound.
3:24 of 1st period - Guillaume Desbiens wins face-off versus Tyler Johnson in Sasquatch zone.
3:38 of 1st period - Snap shot by Tyler Johnson.
3:38 of 1st period - Shot Misses the Net.
3:48 of 1st period - Snap shot by Jakub Voracek.
3:48 of 1st period - Shot Blocked by Ty Wishart.
3:50 of 1st period - Slapshot by Tyler Johnson.
3:50 of 1st period - Shot Blocked by Ty Wishart.
3:52 of 1st period - Wrist shot by Tyler Johnson.
3:52 of 1st period - Stopped by Tyler Plante with a rebound.
3:54 of 1st period - Wrist shot by Tyler Johnson.
3:54 of 1st period - Goal by Tyler Johnson - Sasquatch : 1 - National : 0.
3:55 of 1st period - Matt Duchene wins face-off versus Tyler Johnson in neutral zone.
4:00 of 1st period - Icing by D.J King.
4:01 of 1st period - Tyler Johnson wins face-off versus Matt Duchene in Sasquatch zone.
4:03 of 1st period - Icing by Jakub Voracek.
4:04 of 1st period - Matt Duchene wins face-off versus Tyler Johnson in Sasquatch zone.
4:15 of 1st period - Snap shot by D.J King.
4:15 of 1st period - Stopped by Tyler Plante with a rebound.
4:25 of 1st period - Wrist shot by Matt Duchene.
4:25 of 1st period - Shot Misses the Net.
4:33 of 1st period - Snap shot by Guillaume Desbiens.
4:33 of 1st period - Stopped by Marek Schwarz with a rebound.
4:35 of 1st period - Snap shot by Guillaume Desbiens.
4:35 of 1st period - Shot Blocked by D.J King.
4:37 of 1st period - Slapshot by William Colbert.
4:37 of 1st period - Deflect By Guillaume Desbiens.
4:37 of 1st period - Shot Misses the Net.
4:37 of 1st period - Puck is out of play.
4:38 of 1st period - Mikael Backlund wins face-off versus Derek Stepan in Sasquatch zone.
4:39 of 1st period - Wrist shot by Pasi Salonen.
4:39 of 1st period - Shot Misses the Net.
4:41 of 1st period - Snap shot by Jonathan Cheechoo.
4:41 of 1st period - Shot Blocked by Matt Niskanen.
4:47 of 1st period - Wrist shot by Pasi Salonen.
4:47 of 1st period - Shot Misses the Net.
4:49 of 1st period - Slapshot by Denis Bodrov.
4:49 of 1st period - Shot Misses the Net.
4:51 of 1st period - Slapshot by Pasi Salonen.
4:51 of 1st period - Stopped by Marek Schwarz with a rebound.
5:35 of 1st period - Cade Fairchild is hit by Pat Dwyer and loses puck.
6:48 of 1st period - Denis Bodrov is hit by Matt Niskanen and loses puck.
7:09 of 1st period - Icing by D.J King.
7:10 of 1st period - Matt Duchene wins face-off versus Tyler Johnson in Sasquatch zone.
8:20 of 1st period - Snap shot by Jakub Voracek.
8:20 of 1st period - Shot Misses the Net.
8:22 of 1st period - Slapshot by Tyler Johnson.
8:22 of 1st period - Shot Blocked by William Colbert.
8:24 of 1st period - Slapshot by Keith Yandle.
8:24 of 1st period - Stopped by Tyler Plante with a rebound.
8:26 of 1st period - Wrist shot by Tyler Johnson.
8:26 of 1st period - Deflect By Jakub Voracek.
8:26 of 1st period - Shot Misses the Net.
8:26 of 1st period - Puck is out of play.
8:27 of 1st period - Matt Duchene wins face-off versus Derek Stepan in National zone.
8:32 of 1st period - Brandon Bochenski is hit by Guillaume Desbiens and loses puck.
8:39 of 1st period - Slapshot by Brandon Bochenski.
8:39 of 1st period - Stopped by Tyler Plante without a rebound.
8:40 of 1st period - Mikael Backlund wins face-off versus Tyler Johnson in National zone.
8:49 of 1st period - Slapshot by Mikael Backlund.
8:49 of 1st period - Shot Misses the Net.
8:51 of 1st period - Wrist shot by Jonathan Cheechoo.
8:51 of 1st period - Stopped by Marek Schwarz without a rebound.
8:52 of 1st period - Derek Stepan wins face-off versus Matt Duchene in Sasquatch zone.
9:41 of 1st period - Snap shot by Rico Fata.
9:41 of 1st period - Shot Misses the Net.
9:43 of 1st period - Wrist shot by Guillaume Desbiens.
9:43 of 1st period - Shot Blocked by D.J King.
9:45 of 1st period - Slapshot by William Colbert.
9:45 of 1st period - Shot Blocked by Tyler Johnson.
10:05 of 1st period - Snap shot by Matt Frattin.
10:05 of 1st period - Shot Blocked by William Colbert.
10:07 of 1st period - Slapshot by Matt Niskanen.
10:07 of 1st period - Stopped by Tyler Plante without a rebound.
10:08 of 1st period - Mikael Backlund wins face-off versus Derek Stepan in National zone.
11:25 of 1st period - Wrist shot by Matt Frattin.
11:25 of 1st period - Stopped by Tyler Plante with a rebound.
11:37 of 1st period - David Desharnais is hit by Brandon Bochenski and loses puck.
11:42 of 1st period - Wrist shot by Oskar Osala.
11:42 of 1st period - Shot Blocked by Ty Wishart.
11:44 of 1st period - Slapshot by Nick Leddy.
11:44 of 1st period - Deflect By David Desharnais.
11:44 of 1st period - Stopped by Tyler Plante with a rebound.
11:46 of 1st period - Slapshot by Joe Corvo.
11:46 of 1st period - Stopped by Tyler Plante with a rebound.
12:03 of 1st period - Jakub Voracek is hit by Matt Duchene and loses puck.
12:22 of 1st period - Snap shot by Pasi Salonen.
12:22 of 1st period - Shot Misses the Net.
13:06 of 1st period - Wrist shot by D.J King.
13:06 of 1st period - Stopped by Tyler Plante with a rebound.
13:59 of 1st period - Icing by Ty Wishart.
14:00 of 1st period - Tyler Johnson wins face-off versus Mikael Backlund in National zone.
14:11 of 1st period - Snap shot by Jakub Voracek.
14:11 of 1st period - Deflect By D.J King.
14:11 of 1st period - Shot Blocked by Ty Wishart.
14:11 of 1st period - Puck is out of play.
14:12 of 1st period - Matt Duchene wins face-off versus Tyler Johnson in National zone.
14:25 of 1st period - Wrist shot by D.J King.
14:25 of 1st period - Shot Misses the Net.
14:27 of 1st period - Wrist shot by D.J King.
14:27 of 1st period - Stopped by Tyler Plante without a rebound.
14:28 of 1st period - Mikael Backlund wins face-off versus Derek Stepan in National zone.
14:28 of 1st period - Mikael Backlund is hit by Keith Yandle.
14:53 of 1st period - Keith Yandle is hit by Ty Wishart.
15:16 of 1st period - Off-side.
15:17 of 1st period - Cam Atkinson wins face-off versus Mikael Backlund in neutral zone.
15:28 of 1st period - Wrist shot by Stephane Da Costa.
15:28 of 1st period - Stopped by Tyler Plante without a rebound.
15:29 of 1st period - Derek Stepan wins face-off versus Matt Duchene in National zone.
15:30 of 1st period - Wrist shot by Oskar Osala.
15:30 of 1st period - Stopped by Tyler Plante with a rebound.
15:32 of 1st period - Slapshot by Keith Yandle.
15:32 of 1st period - Stopped by Tyler Plante without a rebound.
15:33 of 1st period - Matt Duchene wins face-off versus Derek Stepan in National zone.
15:50 of 1st period - Rico Fata is hit by Keith Yandle and loses puck.
16:04 of 1st period - Snap shot by Pasi Salonen.
16:04 of 1st period - Stopped by Marek Schwarz with a rebound.
16:06 of 1st period - Wrist shot by Pasi Salonen.
16:06 of 1st period - Shot Misses the Net.
16:08 of 1st period - Snap shot by Pasi Salonen.
16:08 of 1st period - Stopped by Marek Schwarz with a rebound.
16:10 of 1st period - Wrist shot by Pasi Salonen.
16:10 of 1st period - Stopped by Marek Schwarz with a rebound.
16:12 of 1st period - Wrist shot by Mikael Backlund.
16:12 of 1st period - Stopped by Marek Schwarz with a rebound.
16:24 of 1st period - Wrist shot by David Desharnais.
16:24 of 1st period - Shot Misses the Net.
16:26 of 1st period - Snap shot by David Desharnais.
16:26 of 1st period - Stopped by Marek Schwarz with a rebound.
16:28 of 1st period - Snap shot by David Desharnais.
16:28 of 1st period - Stopped by Marek Schwarz without a rebound.
16:29 of 1st period - Cam Atkinson wins face-off versus David Desharnais in Sasquatch zone.
17:02 of 1st period - Snap shot by Stephane Da Costa.
17:02 of 1st period - Shot Misses the Net.
17:04 of 1st period - Slapshot by Joe Corvo.
17:04 of 1st period - Shot Misses the Net.
17:17 of 1st period - Minor Penalty to Magnus Paajarvi-Svensson for Tripping.
17:18 of 1st period - Matt Duchene wins face-off versus D.J King in National zone.
17:47 of 1st period - Icing by Oskar Osala.
17:48 of 1st period - Tyler Johnson wins face-off versus Matt Duchene in Sasquatch zone.
18:17 of 1st period - Slapshot by Brandon Bochenski.
18:17 of 1st period - Shot Blocked by Denis Bodrov.
18:19 of 1st period - Slapshot by Joe Corvo.
18:19 of 1st period - Stopped by Tyler Plante with a rebound.
18:21 of 1st period - Wrist shot by Brandon Bochenski.
18:21 of 1st period - Goal by Brandon Bochenski - Sasquatch : 2 - National : 0.
18:22 of 1st period - Tyler Johnson wins face-off versus Matt Duchene in neutral zone.
18:28 of 1st period - Icing by Guillaume Desbiens.
18:29 of 1st period - Tyler Johnson wins face-off versus Matt Duchene in National zone.
18:30 of 1st period - Snap shot by Jakub Voracek.
18:30 of 1st period - Goal by Jakub Voracek - Sasquatch : 3 - National : 0.
18:31 of 1st period - Matt Duchene wins face-off versus Tyler Johnson in neutral zone.
18:36 of 1st period - Jakub Voracek is hit by Guillaume Desbiens and loses puck.
18:57 of 1st period - Pasi Salonen is hit by Oskar Osala and loses puck.
19:04 of 1st period - Snap shot by Oskar Osala.
19:04 of 1st period - Shot Misses the Net.
19:23 of 1st period - Slapshot by Joe Corvo.
19:23 of 1st period - Shot Blocked by Johannes Salmonsson.
19:25 of 1st period - Snap shot by Kyle Clifford.
19:25 of 1st period - Shot Misses the Net.
19:27 of 1st period - Snap shot by Kyle Clifford.
19:27 of 1st period - Shot Misses the Net.
19:29 of 1st period - Wrist shot by Stephane Da Costa.
19:29 of 1st period - Stopped by Tyler Plante without a rebound.
19:30 of 1st period - Matt Duchene wins face-off versus Tyler Johnson in National zone.
19:39 of 1st period - Snap shot by Matt Duchene.
19:39 of 1st period - Stopped by Marek Schwarz without a rebound.
19:40 of 1st period - Matt Duchene wins face-off versus Tyler Johnson in Sasquatch zone.
19:55 of 1st period - Slapshot by Matt Duchene.
19:55 of 1st period - Shot Misses the Net.
Goals for this period are 3 for Sasquatch vs 0 for National.
Shots for this period are 19 for Sasquatch vs 11 for National.

2nd period


0:01 of 2nd period - Matt Duchene wins face-off versus Brandon Bochenski in neutral zone.
0:26 of 2nd period - Jonathan Cheechoo is hit by D.J King and loses puck.
0:41 of 2nd period - Minor Penalty to Ian Cole for Hooking.
0:42 of 2nd period - Tyler Johnson wins face-off versus Matt Duchene in Sasquatch zone.
1:09 of 2nd period - Wrist shot by Pasi Salonen.
1:09 of 2nd period - Stopped by Marek Schwarz without a rebound.
1:10 of 2nd period - Tyler Johnson wins face-off versus Mikael Backlund in Sasquatch zone.
1:10 of 2nd period - Tyler Johnson is hit by Jonathan Cheechoo.
1:38 of 2nd period - Matt Niskanen is hit by Guillaume Desbiens and loses puck.
1:49 of 2nd period - Slapshot by Guillaume Desbiens.
1:49 of 2nd period - Stopped by Marek Schwarz without a rebound.
1:50 of 2nd period - Mikael Backlund wins face-off versus Tyler Johnson in Sasquatch zone.
2:24 of 2nd period - Joe Corvo is hit by Jonathan Cheechoo and loses puck.
2:35 of 2nd period - Slapshot by Jonathan Cheechoo.
2:35 of 2nd period - Stopped by Marek Schwarz with a rebound.
2:37 of 2nd period - Slapshot by Denis Bodrov.
2:37 of 2nd period - Goal by Denis Bodrov - Sasquatch : 3 - National : 1.
2:38 of 2nd period - Derek Stepan wins face-off versus Matt Duchene in neutral zone.
3:47 of 2nd period - Snap shot by Pasi Salonen.
3:47 of 2nd period - Shot Misses the Net.
3:49 of 2nd period - Slapshot by Ty Wishart.
3:49 of 2nd period - Stopped by Marek Schwarz with a rebound.
4:01 of 2nd period - Slapshot by Josh Bailey.
4:01 of 2nd period - Shot Blocked by Ivan Vishnevski.
4:13 of 2nd period - Oskar Osala is hit by Matt Duchene and loses puck.
4:39 of 2nd period - Pat Dwyer is hit by D.J King and loses puck.
4:58 of 2nd period - Wrist shot by Stephane Da Costa.
4:58 of 2nd period - Shot Misses the Net.
5:24 of 2nd period - Snap shot by Pat Dwyer.
5:24 of 2nd period - Goal by Pat Dwyer - Sasquatch : 3 - National : 2.
5:25 of 2nd period - Matt Duchene wins face-off versus Tyler Johnson in neutral zone.
5:25 of 2nd period - Matt Duchene is hit by Tyler Johnson.
5:40 of 2nd period - Slapshot by Dustin Kohn.
5:40 of 2nd period - Stopped by Marek Schwarz with a rebound.
5:50 of 2nd period - Jonathan Cheechoo is hit by Oskar Osala.
6:08 of 2nd period - Off-side.
6:09 of 2nd period - Stephane Da Costa wins face-off versus Jonathan Matsumoto in neutral zone.
6:41 of 2nd period - Snap shot by Oskar Osala.
6:41 of 2nd period - Goal by Oskar Osala - Sasquatch : 4 - National : 2.
6:42 of 2nd period - Matt Duchene wins face-off versus Tyler Johnson in neutral zone.
7:08 of 2nd period - Keith Yandle is hit by Pasi Salonen.
7:36 of 2nd period - Wrist shot by Stephane Da Costa.
7:36 of 2nd period - Stopped by Tyler Plante without a rebound.
7:37 of 2nd period - Matt Duchene wins face-off versus Stephane Da Costa in National zone.
7:44 of 2nd period - Stephane Da Costa is hit by Guillaume Desbiens and loses puck.
7:45 of 2nd period - Stephane Da Costa from Sasquatch is injured at 7:45 of 2nd period (Bruised Right Leg).
7:46 of 2nd period - Tyler Johnson wins face-off versus Matt Duchene in Sasquatch zone.
8:34 of 2nd period - Backhand shot by Dustin Kohn.
8:34 of 2nd period - Deflect By Matt Niskanen.
8:34 of 2nd period - Stopped by Marek Schwarz without a rebound.
8:35 of 2nd period - Tyler Johnson wins face-off versus Jonathan Matsumoto in Sasquatch zone.
8:54 of 2nd period - Jonathan Matsumoto is hit by Tyler Johnson.
9:53 of 2nd period - Snap shot by Pat Dwyer.
9:53 of 2nd period - Shot Hit the Post.
10:05 of 2nd period - Snap shot by Tyler Johnson.
10:05 of 2nd period - Shot Blocked by Ty Wishart.
10:13 of 2nd period - Snap shot by Jakub Voracek.
10:13 of 2nd period - Stopped by Tyler Plante without a rebound.
10:14 of 2nd period - Derek Stepan wins face-off versus Matt Duchene in National zone.
10:21 of 2nd period - Slapshot by William Colbert.
10:21 of 2nd period - Shot Blocked by Derek Stepan.
10:23 of 2nd period - Slapshot by Dustin Kohn.
10:23 of 2nd period - Deflect By Guillaume Desbiens.
10:23 of 2nd period - Stopped by Marek Schwarz without a rebound.
10:24 of 2nd period - Derek Stepan wins face-off versus Matt Duchene in Sasquatch zone.
11:03 of 2nd period - Snap shot by Guillaume Desbiens.
11:03 of 2nd period - Shot Misses the Net.
11:05 of 2nd period - Snap shot by Rico Fata.
11:05 of 2nd period - Shot Blocked by Oskar Osala.
11:07 of 2nd period - Slapshot by Dustin Kohn.
11:07 of 2nd period - Shot Blocked by Cade Fairchild.
11:09 of 2nd period - Slapshot by Rico Fata.
11:09 of 2nd period - Shot Blocked by Brandon Bochenski.
11:11 of 2nd period - Slapshot by William Colbert.
11:11 of 2nd period - Shot Blocked by Cade Fairchild.
11:13 of 2nd period - Snap shot by Matt Duchene.
11:13 of 2nd period - Shot Misses the Net.
11:15 of 2nd period - Snap shot by Matt Duchene.
11:15 of 2nd period - Shot Blocked by Keith Yandle.
11:17 of 2nd period - Slapshot by William Colbert.
11:17 of 2nd period - Stopped by Marek Schwarz without a rebound.
11:18 of 2nd period - Mikael Backlund wins face-off versus Josh Bailey in Sasquatch zone.
11:19 of 2nd period - Wrist shot by Pasi Salonen.
11:19 of 2nd period - Shot Misses the Net.
13:14 of 2nd period - Tyler Johnson is hit by Rico Fata and loses puck.
13:32 of 2nd period - Slapshot by Ty Wishart.
13:32 of 2nd period - Stopped by Marek Schwarz with a rebound.
14:29 of 2nd period - Slapshot by Dustin Kohn.
14:29 of 2nd period - Shot Misses the Net.
14:31 of 2nd period - Wrist shot by David Desharnais.
14:31 of 2nd period - Shot Misses the Net.
14:37 of 2nd period - Slapshot by Dustin Kohn.
14:37 of 2nd period - Deflect By Joe Corvo.
14:37 of 2nd period - Stopped by Marek Schwarz with a rebound.
14:47 of 2nd period - Matt Duchene is hit by Joe Corvo and loses puck.
15:30 of 2nd period - Off-side.
15:31 of 2nd period - David Desharnais wins face-off versus Luke Adam in neutral zone.
16:01 of 2nd period - Slapshot by Rico Fata.
16:01 of 2nd period - Stopped by Marek Schwarz without a rebound.
16:02 of 2nd period - Derek Stepan wins face-off versus Matt Duchene in Sasquatch zone.
16:09 of 2nd period - Wrist shot by Matt Duchene.
16:09 of 2nd period - Shot Blocked by Derek Stepan.
16:11 of 2nd period - Slapshot by Matt Duchene.
16:11 of 2nd period - Stopped by Marek Schwarz with a rebound.
16:13 of 2nd period - Snap shot by Dustin Kohn.
16:13 of 2nd period - Stopped by Marek Schwarz without a rebound.
16:14 of 2nd period - Tyler Johnson wins face-off versus Matt Duchene in Sasquatch zone.
16:44 of 2nd period - Snap shot by Mikael Backlund.
16:44 of 2nd period - Stopped by Marek Schwarz without a rebound.
16:45 of 2nd period - Mikael Backlund wins face-off versus Derek Stepan in Sasquatch zone.
17:15 of 2nd period - Ian Cole is hit by Guillaume Desbiens and loses puck.
18:29 of 2nd period - Mikael Backlund is hit by Kyle Clifford and loses puck.
18:58 of 2nd period - Johannes Salmonsson is hit by D.J King and loses puck.
19:32 of 2nd period - Off-side.
19:33 of 2nd period - Tyler Johnson wins face-off versus Matt Duchene in neutral zone.
Goals for this period are 1 for Sasquatch vs 2 for National.
Shots for this period are 3 for Sasquatch vs 16 for National.

3rd period


0:01 of 3rd period - Tyler Johnson wins face-off versus Matt Duchene in neutral zone.
1:14 of 3rd period - Snap shot by Jakub Voracek.
1:14 of 3rd period - Deflect By Tyler Johnson.
1:14 of 3rd period - Deflect By Denis Bodrov.
1:14 of 3rd period - Shot Blocked by Rico Fata.
1:14 of 3rd period - Puck is out of play.
1:15 of 3rd period - Pasi Salonen wins face-off versus Oskar Osala in National zone.
1:21 of 3rd period - Minor Penalty to Keith Yandle for Tripping.
1:22 of 3rd period - Matt Duchene wins face-off versus Tyler Johnson in Sasquatch zone.
1:56 of 3rd period - Slapshot by Dustin Kohn.
1:56 of 3rd period - Stopped by Marek Schwarz with a rebound.
1:58 of 3rd period - Wrist shot by Mikael Backlund.
1:58 of 3rd period - Stopped by Marek Schwarz without a rebound.
1:59 of 3rd period - Brandon Bochenski wins face-off versus Mikael Backlund in Sasquatch zone.
2:10 of 3rd period - Snap shot by Denis Bodrov.
2:10 of 3rd period - Shot Blocked by Matt Niskanen.
2:12 of 3rd period - Slapshot by Denis Bodrov.
2:12 of 3rd period - Deflect By D.J King.
2:12 of 3rd period - Stopped by Marek Schwarz with a rebound.
2:30 of 3rd period - Wrist shot by Rico Fata.
2:30 of 3rd period - Stopped by Marek Schwarz with a rebound.
3:21 of 3rd period - Penalty to Keith Yandle is over, Keith Yandle is back on ice.
3:48 of 3rd period - Slapshot by Derek Stepan.
3:48 of 3rd period - Stopped by Tyler Plante without a rebound.
3:49 of 3rd period - Derek Stepan wins face-off versus David Desharnais in National zone.
3:56 of 3rd period - Wrist shot by Oskar Osala.
3:56 of 3rd period - Goal by Oskar Osala - Sasquatch : 5 - National : 2.
3:56 of 3rd period - Keith Kinkaid enters game.
3:57 of 3rd period - Matt Duchene wins face-off versus Tyler Johnson in neutral zone.
4:10 of 3rd period - Wrist shot by Rico Fata.
4:10 of 3rd period - Stopped by Marek Schwarz with a rebound.
4:12 of 3rd period - Slapshot by Dustin Kohn.
4:12 of 3rd period - Shot Misses the Net.
4:45 of 3rd period - Pat Dwyer is hit by Jakub Voracek and loses puck.
4:53 of 3rd period - Icing by William Colbert.
4:54 of 3rd period - Jonathan Matsumoto wins face-off versus Derek Stepan in National zone.
4:54 of 3rd period - Pat Dwyer is hit by Oskar Osala and loses puck.
4:59 of 3rd period - Snap shot by Oskar Osala.
4:59 of 3rd period - Goal by Oskar Osala - Sasquatch : 6 - National : 2.
5:00 of 3rd period - Matt Duchene wins face-off versus Derek Stepan in neutral zone.
5:09 of 3rd period - Snap shot by Rico Fata.
5:09 of 3rd period - Shot Misses the Net.
5:11 of 3rd period - Snap shot by Matt Duchene.
5:11 of 3rd period - Stopped by Marek Schwarz with a rebound.
5:13 of 3rd period - Snap shot by Guillaume Desbiens.
5:13 of 3rd period - Goal by Guillaume Desbiens - Sasquatch : 6 - National : 3.
5:14 of 3rd period - Tyler Johnson wins face-off versus Matt Duchene in neutral zone.
5:18 of 3rd period - Off-side.
5:19 of 3rd period - Matt Duchene wins face-off versus Tyler Johnson in neutral zone.
5:24 of 3rd period - Slapshot by Dustin Kohn.
5:24 of 3rd period - Stopped by Marek Schwarz without a rebound.
5:25 of 3rd period - Matt Duchene wins face-off versus Tyler Johnson in Sasquatch zone.
5:34 of 3rd period - Slapshot by Matt Duchene.
5:34 of 3rd period - Shot Blocked by Tyler Johnson.
5:40 of 3rd period - Snap shot by Rico Fata.
5:40 of 3rd period - Goal by Rico Fata - Sasquatch : 6 - National : 4.
5:41 of 3rd period - Tyler Johnson wins face-off versus Matt Duchene in neutral zone.
6:22 of 3rd period - Minor Penalty to Brandon Bochenski for Hooking.
6:23 of 3rd period - Matt Duchene wins face-off versus Tyler Johnson in Sasquatch zone.
6:52 of 3rd period - Joe Corvo is hit by Ty Wishart and loses puck.
8:22 of 3rd period - Penalty to Brandon Bochenski is over, Brandon Bochenski is back on ice.
8:53 of 3rd period - Snap shot by Magnus Paajarvi-Svensson.
8:53 of 3rd period - Stopped by Marek Schwarz with a rebound.
8:55 of 3rd period - Slapshot by Erik Gustafsson.
8:55 of 3rd period - Shot Misses the Net.
8:57 of 3rd period - Snap shot by Igor Makarov.
8:57 of 3rd period - Shot Blocked by Keith Yandle.
9:45 of 3rd period - Rico Fata is hit by Derek Stepan and loses puck.
11:21 of 3rd period - Keith Yandle is hit by Magnus Paajarvi-Svensson and loses puck.
11:34 of 3rd period - Kyle Clifford is hit by Mikael Backlund and loses puck.
12:30 of 3rd period - Josh Bailey is hit by Pat Dwyer and loses puck.
13:14 of 3rd period - Dustin Kohn is hit by Matt Frattin and loses puck.
13:59 of 3rd period - Slapshot by Joe Corvo.
13:59 of 3rd period - Shot Blocked by Johannes Salmonsson.
14:01 of 3rd period - Slapshot by Luke Adam.
14:01 of 3rd period - Goal by Luke Adam - Sasquatch : 7 - National : 4.
14:02 of 3rd period - Matt Duchene wins face-off versus Tyler Johnson in neutral zone.
14:32 of 3rd period - Ty Wishart is hit by Oskar Osala and loses puck.
15:20 of 3rd period - Rico Fata is hit by Matt Niskanen and loses puck.
15:59 of 3rd period - Kyle Clifford is hit by Magnus Paajarvi-Svensson and loses puck.
19:42 of 3rd period - Kyle Clifford is hit by David Desharnais and loses puck.
Goals for this period are 3 for Sasquatch vs 2 for National.
Shots for this period are 4 for Sasquatch vs 10 for National.


Output by the SimonT Hockey Simulator (STHS) for François Prévost -- Original Page W3C XHTML 1.0 Valid
Hockey Simulator - Hockey Simulation - Hockey Manager